 Dungeon Crawl Stone Soup version 0.32-a0-665-g3d30ec2550 (webtiles) character file.

Game seed: 4477507127446534765

1089 funkygono the Thaumaturge (level 8, -5/41 (43) HPs)
             Began as a Deep Elf Fire Elementalist on Mar 9, 2024.
             Was an Initiate of Sif Muna.
             Slain by a wight
             ... wielding a +4 mace of freezing
              (11 damage)
             ... on level 6 of the Dungeon.
             The game lasted 00:09:24 (5137 turns).

funkygono the Thaumaturge (DEFE)                    Turns: 5137, Time: 00:09:25

HP:   -5/41 (43)    AC:  6    Str:  5    XL:     8   Next: 9%
MP:   14/22         EV: 13    Int: 23    God:    Sif Muna [......]
Gold: 334           SH:  0    Dex: 15    Spells: 9/23 levels left

rFire   . . .        q - +2 quarterstaff (heavy)
rCold   . . .        (shield currently unavailable)
rNeg    . . .        a - +0 robe
rPois   .            (no helmet)
rElec   .            (no cloak)
rCorr   .            (no gloves)
SInv    .            (no boots)
Will    .....        (no amulet)
Stlth   ++           A - +4 ring of protection
HPRegen 0.26/turn    (no ring)
MPRegen 0.18/turn

%: no passive effects
@: lightly drained
A: no striking features
a: Renounce Religion


You were on level 6 of the Dungeon.
You worshipped Sif Muna.
Sif Muna was noncommittal.
You visited 1 branch of the dungeon, and saw 6 of its levels.

You collected 334 gold pieces.

Inventory:

Hand Weapons
 d - a +0 dagger
 f - a +0 quarterstaff
 q - a +2 heavy quarterstaff (weapon)
Armour
 a - a +0 robe (worn)
 i - an orb of energy
Jewellery
 A - a +4 ring of protection (left hand)
 D - an amulet of guardian spirit
Talismans
 E - a maw talisman
Wands
 v - a wand of polymorph (8)
 x - a wand of roots (6)
 F - a wand of quicksilver (2)
Scrolls
 c - 3 scrolls of enchant weapon {unknown}
 e - a scroll of silence {unknown}
 h - 2 scrolls of vulnerability {unknown}
 j - a scroll of torment {unknown}
 k - 2 scrolls of poison {unknown}
 l - 3 scrolls of blinking {unknown}
 n - 2 scrolls of enchant armour {unknown}
 p - a scroll of amnesia {unknown}
 s - a scroll of immolation {unknown}
 t - 4 scrolls of identify {unknown}
 y - 2 scrolls of brand weapon {unknown}
 B - a scroll of butterflies {unknown}
Potions
 b - a potion of magic
 g - a potion of degeneration {unknown}
 m - 2 potions of lignification {unknown}
 o - a potion of heal wounds {unknown}
 r - a potion of berserk rage {unknown}
 u - a potion of resistance {unknown}
 w - 2 potions of curing {unknown}
 z - a potion of cancellation {unknown}
 C - a potion of attraction {unknown}


   Skills:
 + Level 1.0 Fighting
 + Level 2.3 Staves
 + Level 2.9 Dodging
 + Level 3.0 Stealth
 + Level 8.1 Spellcasting
 + Level 4.0 Conjurations
 + Level 6.8 Fire Magic


You had 9 spell levels left.
You knew the following spells:

 Your Spells              Type           Power      Damage    Failure   Level
a - Foxfire               Conj/Fire      100%       2x1d9     1%          1
b - Scorch                Fire           80%        2d8       1%          2
c - Volatile Blastmotes   Fire/Tloc      50%        2d14      4%          3
d - Flame Wave            Conj/Fire      34%        2d10      8%          4
e - Sticky Flame          Fire/Alch      25%        2d6       17%         4

Your spell library contained the following spells:

 Spells                   Type           Power      Damage    Failure   Level
 Inner Flame              Hex/Fire       25%        N/A       4%          3
 Summon Small Mammal      Summ           36%        N/A       7%          1
 Hailstorm                Conj/Ice       18%        3d7       9%          3
 Cigotuvi's Dreadful Rot  Necr/Alch/Air  18%        N/A       11%         2
 Summon Blazeheart Golem  Fire/Summ      25%        N/A       17%         4
 Call Canine Familiar     Summ           9%         N/A       21%         3
 Summon Ice Beast         Ice/Summ       9%         N/A       21%         3
 Dispel Undead            Necr           9%         3d8       56%         4
 Martyr's Knell           Necr/Summ      9%         N/A       56%         4
 Death Channel            Necr           4%         N/A       100%        6
 Sculpt Simulacrum        Ice/Alch       4%         N/A       100%        6


Dungeon Overview and Level Annotations

Branches:
Dungeon (6/15)
 Temple: D:4-7

Altars:
Dithmenos
Elyvilon
Gozag
Hepliaklqana
Makhleb
Qazlal
Ru
Sif Muna
Xom
Yredelemnul

Shops:
D:2 (


Message History

You conjure some foxfire!
Casting: Foxfire (safe; 1% risk of failure)
Confirm with . or Enter, or press ? or * to list all spells.
You conjure some foxfire!
The foxfire hits the wight but does no damage.
The foxfire hits the wight.
The wight is moderately damaged.
Casting: Foxfire (safe; 1% risk of failure)
Confirm with . or Enter, or press ? or * to list all spells.
Flames lash the wight.
The wight is moderately damaged.
The wight's fire resistance burns away.
The foxfire hits the wight but does no damage.
The wight is moderately damaged.
The foxfire hits the wight but does no damage.
The wight is moderately damaged.
A wight is nearby!
You closely miss the wight.
The wight is moderately damaged.
The wight is no longer more vulnerable to fire.
The wight hits you with a +4 mace of freezing!
You feel drained. The wight freezes you.
The wight hits you with a +4 mace of freezing!
The wight freezes you.
Casting: Scorch (safe; 1% risk of failure)
Confirm with . or Enter, or press ? or * to list all spells.
You conjure some foxfire!
The wight hits you with a +4 mace of freezing!
You feel drained.
* * * LOW HITPOINT WARNING * * *
The wight freezes you.
* * * LOW HITPOINT WARNING * * *
Casting: Foxfire (safe; 1% risk of failure)
Confirm with . or Enter, or press ? or * to list all spells.
You conjure some foxfire!
The foxfire hits the wight!
The wight is almost destroyed.
The foxfire hits the wight but does no damage.
The wight is almost destroyed.
The wight hits you with a +4 mace of freezing!
You die...

#......z.#.# #...#..#
.........#.###......#
.##....g.#..##...)#.#
#####.###.§#).)[#z#
#####..###§....##z#
.........####).<##g#
.###>..#..÷.#z..##.#
#.....###)#z..##.#
#...... #.÷@v.##.#
#..!... ##v§§###z#
#....... ###.##..#
##..... #....##
#..... ###...# #...#
#...# #####


You could see 2 wights.

Vanquished Creatures
  3 ogres
  A gnoll sergeant (D:6)
  2 scorpions (D:5)
  3 wights
  2 bombardier beetles (D:5)
  A hound (D:5)
  An iguana (D:4)
  2 orc wizards (D:5)
  A sleepcap (D:5)
  Ijyb (D:5)
  7 gnolls
  9 adders
  5 dart slugs
  7 ribbon worms
  10 orcs
  3 ball pythons
  5 bats
  5 endoplasms
  6 giant cockroaches
  8 hobgoblins
  15 jackals
  3 quokkas
  A frilled lizard (D:2)
  6 goblins
  9 kobolds
  6 rats
122 creatures vanquished.

Vanquished Creatures (others)
  394 foxfires
394 creatures vanquished.

Grand Total: 516 creatures vanquished

Notes
Turn   | Place    | Note
-------+----------+-------------------------------------------
     0 | D:1      | funkygono the Deep Elf Fire Elementalist began the quest
                  | for the Orb.
     0 | D:1      | Reached XP level 1. HP: 10/10 MP: 6/6
   373 | D:1      | Reached XP level 2. HP: 15/15 MP: 4/8
   376 | D:1      | Learned a level 2 spell: Scorch
   674 | D:1      | Reached XP level 3. HP: 19/19 MP: 1/10
  1296 | D:1      | Reached skill level 4 in Spellcasting
  1671 | D:2      | Found Qetsim's Antique Weapon Emporium.
  1828 | D:2      | Reached XP level 4. HP: 24/24 MP: 6/12
  1834 | D:2      | Learned a level 3 spell: Volatile Blastmotes
  2700 | D:3      | Reached XP level 5. HP: 28/28 MP: 10/14
  2991 | D:3      | Found a faded altar of an unknown god.
  3186 | D:4      | Noticed an ogre
  3190 | D:4      | Killed an ogre
  3191 | D:4      | Reached skill level 5 in Spellcasting
  3191 | D:4      | Reached skill level 5 in Fire Magic
  3458 | D:4      | Learned a level 4 spell: Flame Wave
  3751 | D:4      | Reached XP level 6. HP: 32/32 MP: 12/16
  3910 | D:4      | Learned a level 4 spell: Sticky Flame
  3931 | D:5      | Entered Level 5 of the Dungeon
  3938 | D:5      | Reached skill level 1 in Staves
  4016 | D:5      | Reached skill level 6 in Spellcasting
  4082 | D:5      | Reached XP level 7. HP: 36/36 MP: 1/18
  4443 | D:5      | Noticed Ijyb
  4452 | D:5      | Killed Ijyb
  4453 | D:5      | Reached skill level 7 in Spellcasting
  4492 | D:5      | Found a sacrificial altar of Ru.
  4653 | D:5      | Found a shimmering blue altar of Sif Muna.
  4654 | D:5      | Found a hazy altar of Hepliaklqana.
  4654 | D:5      | Found an opulent altar of Gozag.
  4654 | D:5      | Found a stormy altar of Qazlal.
  4656 | D:5      | Became a worshipper of Sif Muna the Loreminder
  4658 | D:5      | Found a shimmering altar of Xom.
  4658 | D:5      | Found a white marble altar of Elyvilon.
  4660 | D:5      | Found a burning altar of Makhleb.
  4661 | D:5      | Found a basalt altar of Yredelemnul.
  4662 | D:5      | Found a shadowy altar of Dithmenos.
  4920 | D:5      | Reached XP level 8. HP: 42/42 MP: 18/21
  4944 | D:5      | Reached skill level 8 in Spellcasting
  5086 | D:6      | Reached skill level 1 in Fighting
  5137 | D:6      | Slain by a wight

Illustrated notes

Levels and vault maps discovered:
D:1:      dpeg_arrival_circle_labyrinth_a, layout_basic
D:2:      layout_rooms, serial_shops, shop, minmay_cut_off
D:3:      layout_basic, shapermc_ecumenical_altar_flowoftime
D:4:      layout_gridville
D:5:      layout_rooms, minitemple, uniq_ijyb
D:6:      layout_rooms, mainiacjoe_overflow_paths,
          nicolae_houndstooth_variations

Skill      XL: |  1  2  3  4  5  6  7  8 |
---------------+-------------------------+-----
Fire Magic     | 4 5 6 |  6.8
Spellcasting   | 4 5 6 7 8 |  8.1
Conjurations   | 2 3 4 |  4.0
Staves         | 1 2 |  2.3
Stealth        | 3 |  3.0
Fighting       | 1 |  1.0
Dodging        | |  2.9

Action                     |  1- 3 |  4- 6 |  7- 9 || total
---------------------------+-------+-------+-------++-------
  Melee: Dagger            |     1 |       |       ||     1
         Quarterstaff      |    11 |    25 |    12 ||    48
   Cast: Foxfire           |    71 |   114 |    43 ||   228
         Scorch            |     7 |    10 |    12 ||    29
         Flame Wave        |       |       |     2 ||     2
 Armour: Robe              |    12 |    18 |    28 ||    58
  Dodge: Dodged            |    19 |    25 |    33 ||    77

Table legend: (Time is in decaauts)
 A = Elapsed time spent in this place.
 B = Non-inter-level travel time spent in this place.
 C = Inter-level travel time spent in this place.
 D = Time resting spent in this place.
 E = Time spent auto-exploring this place.
 F = Levels seen in this place.
 G = Mean time per level.
                   A        B        C        D        E       F      G
               +--------+--------+--------+--------+--------+-----+--------+
         Total |   5173 |   4976 |    197 |      0 |   4162 |   6 |  862.2 |
       Dungeon |   5173 |   4976 |    197 |      0 |   4162 |   6 |  862.2 |
               +--------+--------+--------+--------+--------+-----+--------+

Top non-repeatable levels by time:
     D:1: 1498 daAuts
     D:5: 1098 daAuts
     D:4: 853 daAuts
     D:3: 837 daAuts
     D:2: 765 daAuts
     D:6: 120 daAuts
